 Dungeon Crawl Stone Soup version 0.31-a0-182-gc5ef74bbde (webtiles) character file.

Game seed: 15913134696187142469

392 qw the Chopper (level 6, -12/38 HPs)
             Began as a Gargoyle Fighter on June 20, 2023.
             Mangled by an ogre
             ... wielding a +0 giant club
              (22 damage)
             ... on level 4 of the Dungeon.
             The game lasted 00:01:32 (2968 turns).

qw the Chopper (Gargoyle Fighter)                   Turns: 2968, Time: 00:01:33

Health: -12/38     AC: 15    Str: 21    XL:     6   Next: 80%
Magic:  6/6        EV:  7    Int:  9    God:
Gold:   60         SH:  4    Dex:  9    Spells: 5/5 levels left

rFire   . . .        Y - +0 war axe
rCold   . . .        c - +0 buckler
rNeg    + . .        j - +0 chain mail
rPois   inf          (no helmet)
rElec   +            e - +1 cloak
rCorr   .            (no gloves)
SInv    .            (no boots)
Will    .....        (no amulet) Stlth
                     (no ring)
HPRegen 0.26/turn    (no ring)
MPRegen 0.10/turn

%: no passive effects
@: about to teleport
A: sickness immunity, AC +4, negative energy resistance 1, electricity
resistance, torment resistance 1, petrification resistance
a: no special abilities


You were on level 4 of the Dungeon.
You visited 1 branch of the dungeon, and saw 4 of its levels.

You collected 196 gold pieces.
You spent 136 gold pieces at shops.


Innate Abilities, Weirdness & Mutations

You are immune to sickness and miasma.
Your stone body is resilient. (AC +4)
You are immune to poison.
You resist negative energy. (rN+)
You are resistant to electric shocks. (rElec)
You are resistant to unholy torment.
You are immune to petrification.


   Skills:
 - Level 4.1 Fighting
 - Level 6.0 Axes
 - Level 3.2 Armour
 + Level 0.0 Dodging
 - Level 3.2 Shields


You had 5 spell levels left.
You didn't know any spells.
Your spell library was empty.

Inventory:

Hand Weapons
 a - a +0 flail
 Y - a +0 war axe (weapon)
Armour
 c - a +0 buckler (worn)
 e - a +1 cloak (worn)
 g - a +0 helmet
 i - a +0 plate armour
 j - a +0 chain mail (worn)
Scrolls
 f - 2 scrolls of identify
 h - a scroll of teleportation
Potions
 b - a potion of heal wounds {unknown}
 d - a potion of might

Dungeon Overview and Level Annotations

Branches:
Dungeon (4/15)
 Temple: D:4-7

Altars:

Shops:
D:4 ?


Message History

The kobold brigand is severely wounded.
The kobold brigand hits you but does no damage.
You block the kobold brigand's attack.
You hit the kobold brigand but do no damage.
The kobold brigand is severely wounded.
The kobold brigand hits you but does no damage.
You slash the kobold brigand!
You kill the kobold brigand!
Your Axes skill increases to level 6!
Enter note:
Things that are here:
a +0 club; 5 poisoned darts; a kobold corpse
Enter note:
Enter note:
Enter note: You start resting.
HP restored.
i - a +0 plate armour An ogre comes into view.
It is wielding a +0 giant club.
The ogre shouts!
Enter note:
Enter note: You hit the ogre.
The ogre is lightly wounded.
The ogre hits you with a +0 giant club.
You hit the ogre.
The ogre is moderately wounded.
The ogre hits you with a +0 giant club.
You slash the ogre!
The ogre is almost dead.
The ogre hits you with a +0 giant club!!
Ouch! That really hurt!
2967 ||| READING 2 scrolls of teleportation.
As you read the scroll of teleportation, it crumbles to dust.
You feel strangely unstable.
You hit the ogre but do no damage.
The ogre is almost dead.
The ogre hits you with a +0 giant club!!
Ouch! That really hurt!
You die...

# . ##. #.
##.# #.
##..##
#.#....####
###
#.....O..+
.. +..
#..@#
...###
####.##.##
#...
#........#
#[..
#.##.###.#
#..# #.#
#.# #+#
#..# #.#
#.# #.# #.
# #.# #.#
#.# #####
#.# #.#
##.###.'..
# #.# #.#
##......###


You could see an ogre.

Vanquished Creatures
  A phantom (D:3)
  A kobold brigand (D:4)
  A hound (D:4)
  An iguana (D:4)
  2 orc wizards (D:4)
  Robin (D:4)
  6 adders
  A worm (D:3)
  A dart slug (D:3)
  6 orcs
  6 ball pythons
  7 bats
  An endoplasm (D:2)
  A giant cockroach (D:1)
  11 goblins
  7 hobgoblins
  4 jackals (D:1)
  9 kobolds
  3 quokkas
  4 frilled lizards
  5 rats
79 creatures vanquished.

Notes
Turn   | Place    | Note
-------+----------+-------------------------------------------
     0 | D:1      | qw the Gargoyle Fighter began the quest for the Orb.
     0 | D:1      | Reached XP level 1. HP: 14/14 MP: 1/1
     0 | D:1      | 0 ||| qw: Version: 0.3-a-9-g12657ce
     0 | D:1      | 0 ||| qw: Game counter: 1432
     0 | D:1      | 0 ||| qw: Always use a shield: true
     0 | D:1      | 0 ||| qw: God list: Okawaru
     0 | D:1      | 0 ||| qw: Allow faded altars: false
     0 | D:1      | 0 ||| qw: Do Orc after D:15 true
     0 | D:1      | 0 ||| qw: Do second Lair branch before Depths: true
     0 | D:1      | 0 ||| qw: Lair rune preference: random
     0 | D:1      | 0 ||| qw: Plans: Normal, Zot:1-4, Slime:5, God:TSO, Crypt,
                  | Tomb, Abyss, Pan, Hells, Win
     0 | D:1      | 0 ||| PLANNING D:1-11
    29 | D:1      | 29 ||| Stepping ~*~*~tactically~*~*~ (stealth).
    30 | D:1      | 30 ||| Stepping ~*~*~tactically~*~*~ (stealth).
    31 | D:1      | 31 ||| Stepping ~*~*~tactically~*~*~ (stealth).
    36 | D:1      | Reached skill level 2 in Axes
   185 | D:1      | Reached XP level 2. HP: 15/19 MP: 2/2
   296 | D:1      | 296 ||| Stepping ~*~*~tactically~*~*~ (hiding).
   297 | D:1      | 297 ||| Stepping ~*~*~tactically~*~*~ (hiding).
   301 | D:1      | 301 ||| Stepping ~*~*~tactically~*~*~ (hiding).
   302 | D:1      | 302 ||| Stepping ~*~*~tactically~*~*~ (hiding).
   303 | D:1      | 303 ||| Stepping ~*~*~tactically~*~*~ (hiding).
   304 | D:1      | 304 ||| Stepping ~*~*~tactically~*~*~ (hiding).
   305 | D:1      | 305 ||| Stepping ~*~*~tactically~*~*~ (hiding).
   718 | D:1      | 718 ||| UPGRADING to +0 chain mail.
   728 | D:1      | 728 ||| DROPPING +0 scale mail.
   729 | D:1      | 729 ||| READING scroll labelled RIETAMA MIEFI.
   730 | D:1      | 730 ||| READING 3 scrolls labelled GIGREJUIDO.
   731 | D:1      | 731 ||| READING scroll labelled XOOGIL JOJUSOJ.
   732 | D:1      | 732 ||| DRINKING 2 fizzy orange potions.
   733 | D:1      | 733 ||| DROPPING potion of degeneration.
   776 | D:2      | 776 ||| Stepping ~*~*~tactically~*~*~ (hiding).
   779 | D:2      | 779 ||| Stepping ~*~*~tactically~*~*~ (hiding).
   780 | D:2      | 780 ||| Stepping ~*~*~tactically~*~*~ (hiding).
   784 | D:2      | Reached skill level 3 in Axes
   905 | D:2      | Reached XP level 3. HP: 23/23 MP: 3/3
   918 | D:2      | 918 ||| DROPPING +1 whip of flaming.
   919 | D:2      | 919 ||| DROPPING +2 whip of draining.
  1564 | D:2      | 1564 ||| UPGRADING to +0 cloak.
  1569 | D:2      | 1569 ||| READING scroll labelled IRHONE LUHYUNYUTE.
  1570 | D:2      | 1570 ||| READING 2 scrolls of identify.
  1570 | D:2      | 1570 ||| IDENTIFYING white potion
  1571 | D:2      | 1571 ||| DROPPING potion of berserk rage.
  1711 | D:3      | 1711 ||| Stepping ~*~*~tactically~*~*~ (stealth).
  1750 | D:3      | 1750 ||| Stepping ~*~*~tactically~*~*~ (hiding).
  1751 | D:3      | 1751 ||| Stepping ~*~*~tactically~*~*~ (hiding).
  1752 | D:3      | 1752 ||| Stepping ~*~*~tactically~*~*~ (hiding).
  1753 | D:3      | 1753 ||| Stepping ~*~*~tactically~*~*~ (hiding).
  1755 | D:3      | 1755 ||| Stepping ~*~*~tactically~*~*~ (hiding).
  1925 | D:3      | Reached XP level 4. HP: 27/28 MP: 4/4
  1972 | D:3      | You fall into a shaft and drop 1 floor!
  2009 | D:3      | Reached skill level 4 in Axes
  2141 | D:3      | 2141 ||| Stepping ~*~*~tactically~*~*~ (hiding).
  2322 | D:3      | 2322 ||| READING scroll labelled QEGUMI ZIZIMIE.
  2323 | D:3      | 2323 ||| READING scroll labelled PEPE DI TUROO.
  2376 | D:4      | Noticed a phantom
  2379 | D:4      | 2379 ||| STAIRDANCE
  2396 | D:4      | 2396 ||| STAIRDANCE
  2421 | D:3      | Killed a phantom
  2422 | D:3      | Reached skill level 5 in Axes
  2422 | D:3      | Reached XP level 5. HP: 23/32 MP: 5/5
  2580 | D:4      | Reached XP level 6. HP: 35/38 MP: 6/6
  2596 | D:4      | Noticed Robin
  2611 | D:4      | Killed Robin
  2870 | D:4      | Found Ceiputz's Magic Scroll Boutique.
  2875 | D:4      | 2875 ||| BUYING scroll of enchant armour (97 gold).
  2875 | D:4      | Bought a scroll of enchant armour for 97 gold pieces
  2875 | D:4      | 2875 ||| BUYING scroll of teleportation (39 gold).
  2875 | D:4      | Bought a scroll of teleportation for 39 gold pieces
  2875 | D:4      | 2875 ||| READING scroll of enchant armour.
  2875 | D:4      | 2875 ||| ENCHANTING +0 cloak.
  2925 | D:4      | Reached skill level 6 in Axes
  2966 | D:4      | HP: 9/38 [ogre/+0 giant club (20)]
  2967 | D:4      | 2967 ||| READING 2 scrolls of teleportation.
  2968 | D:4      | Mangled by an ogre

Levels and vault maps discovered:
D:1:      amcnicky_arrival_abandoned_market, layout_basic
D:2:      layout_loops_cross
D:3:      layout_basic, grunt_ministairs_15
D:4:      layout_loops_corners, serial_shops, nicolae_shop_hallway_plus,
          uniq_robin

Skill      XL: |  1  2  3  4  5  6 |
---------------+-------------------+-----
Axes           | 2 3 5 6 |  6.0
Fighting       | 4 |  4.1
Armour         | |  3.2
Shields        | |  3.2

Action                     |  1- 3 |  4- 6 || total
---------------------------+-------+-------++-------
  Melee: War axe           |   126 |   159 ||   285
    Use: Scroll            |     5 |     4 ||     9
         Potion            |     1 |       ||     1
 Armour: Scale mail        |    48 |       ||    48
         Chain mail        |    37 |   145 ||   182
  Dodge: Dodged            |    55 |    50 ||   105
  Block: Buckler           |    28 |    26 ||    54

Table legend:
 A = Non-vault XP
 B = Vault XP
 C = Vault XP percentage of total XP
 D = Non-vault monster count
 E = Vault monster count
 F = Vault count percentage of total count
                 A         B        C        D         E       F
            +---------+---------+-------+---------+---------+-------
      Total |     522 |      38 |   6.8 |      66 |      13 |  16.5
            +---------+---------+-------+---------+---------+-------
        D:1 |      29 |       0 |   0.0 |      16 |       0 |   0.0
        D:2 |      33 |       0 |   0.0 |      15 |       0 |   0.0
        D:3 |     172 |       4 |   2.3 |      22 |       2 |   8.3
        D:4 |     288 |      34 |  10.6 |      13 |      11 |  45.8
            +---------+---------+-------+---------+---------+-------
